 Dungeon Crawl Stone Soup version 0.30-a0-739-gea05faddec (webtiles) character file.

Game seed: 14736962663551875414

67 Sabo the Digger (level 3, -4/31 HPs)
             Began as a Troll Earth Elementalist on Feb 4, 2023.
             Slain by an iguana (11 damage)
             ... on level 3 of the Dungeon.
             The game lasted 00:10:22 (1950 turns).

Sabo the Digger (Troll Earth Elementalist)          Turns: 1950, Time: 00:10:22

Health: -4/31      AC: 11    Str: 16    XL:     3   Next: 98%
Magic:  1/4        EV: 10    Int: 13    God:
Gold:   130        SH:  0    Dex: 10    Spells: 4/5 levels left

rFire   . . .      SeeInvis .    k - +3 falchion (protect)
rCold   . . .      Faith    .    (no shield)
rNeg    . . .      Spirit   .    a - +0 robe
rPois   .          Reflect  .    (helmet restricted)
rElec   .          Harm     .    (no cloak)
rCorr   .          Rampage  .    (gloves unavailable)
Will    .....                    (boots unavailable)
Stlth   +                        (no amulet)
HPRegen 1.05/turn                (no ring)
MPRegen 0.09/turn                (no ring)

@: under a protective aura
A: large, unfitting armour, claws 3, regeneration 1, shaggy fur 1, tough skin 1
a: no special abilities


You were on level 3 of the Dungeon.
You visited 1 branch of the dungeon, and saw 4 of its levels.

You collected 130 gold pieces.

Inventory:

Hand Weapons
 k - a +3 falchion of protection (weapon)
Armour
 a - a +0 robe (worn)
 e - an orb of guile
Magical Staves
 j - a staff of cold
Scrolls
 d - a scroll of silence
 f - 2 scrolls of teleportation
 m - a scroll of enchant weapon {unknown}
 n - a scroll of immolation
 o - a scroll of vulnerability {unknown}
 p - a scroll of fear {unknown}
 q - 2 scrolls of identify
Potions
 b - a potion of magic
 c - a potion of heal wounds {unknown}
 g - a potion of berserk rage {unknown}
 h - a potion of curing {unknown}
 i - a potion of invisibility {unknown}
 l - a potion of haste {unknown}


   Skills:
 + Level 0.2(0.4) Short Blades
 + Level 0.4(0.5) Long Blades
 + Level 2.0 Dodging
 + Level 1.1 Stealth
 + Level 1.9 Spellcasting
 + Level 0.6 Transmutations
 + Level 3.1 Earth Magic


You had 4 spell levels left.
You knew the following spells:

 Your Spells              Type           Power      Damage    Failure   Level
a - Sandblast             Erth           18%        2d7       7%          1

Your spell library contained the following spells:

 Spells                   Type           Power      Damage    Failure   Level
 Passwall                 Tmut/Erth      5%         N/A       19%         2
 Stone Arrow              Conj/Erth      10%        3d7       38%         3
 Call Canine Familiar     Summ           1%         N/A       61%         3
 Portal Projectile        Hex/Tloc       2%         N/A       61%         3
 Petrify                  Tmut/Erth      6%         N/A       75%         4
 Leda's Liquefaction      Hex/Erth       2%         N/A       80%         4


Dungeon Overview and Level Annotations

Branches:
Dungeon (4/15)
 Temple: D:4-7

Altars:
The Shining One


Innate Abilities, Weirdness & Mutations

You are too large for most types of armour.
You have claws for hands.
Your natural rate of healing is unusually fast.
You are covered in fur. (AC +1)
You have tough skin. (AC +1)


Message History

Aiming: Sandblast (safe; 7% risk of failure)
Press: ? - help, Shift-Dir - straight line, f/p - iguana
Aim: an iguana (heavily wounded, 83% to hit)
The blast of sand misses the iguana.
The iguana barely misses you.
Casting: Sandblast (safe; 7% risk of failure)
Confirm with . or Enter, or press ? or * to list all spells.
Aiming: Sandblast (safe; 7% risk of failure)
Press: ? - help, Shift-Dir - straight line, f/p - iguana
Aim: an iguana (heavily wounded, 83% to hit)
The blast of sand hits the iguana but does no damage.
The iguana is heavily wounded.
The iguana bites you! The iguana barely misses you.
You barely miss the iguana.
The iguana is heavily wounded.
The iguana barely misses you.
You hit the iguana but do no damage.
Your weapon exudes an aura of protection.
The iguana is heavily wounded.
The iguana bites you.
You hit the iguana but do no damage.
The iguana is heavily wounded.
The iguana bites you. The iguana bites you!
You closely miss the iguana.
The iguana is heavily wounded.
The iguana bites you but does no damage.
You hit the iguana but do no damage.
The iguana is heavily wounded.
The iguana closely misses you.
You barely miss the iguana.
The iguana is heavily wounded.
The iguana barely misses you.
You barely miss the iguana.
The iguana is heavily wounded.
The iguana bites you but does no damage.
The iguana bites you!
* * * LOW HITPOINT WARNING * * *
You hit the iguana.
The iguana is almost dead.
The iguana bites you!
You die...

## #. ##.# ##. ##...##
######.... ##.....##
##.........
.#.†....)####..........
....._.@.......######..
.#.....l.#...###
##.....##...######
##...##...<.....#
##.##.....####...#
#........# #....#.##
##.....>.# #.#......
####...####.#......
###.###.........


You could see an iguana.

Vanquished Creatures
  An adder (D:2)
  2 dart slugs
  7 endoplasms
  A giant cockroach (D:2)
  9 goblins
  2 hobgoblins (D:3)
  4 jackals
  2 quokkas
  4 ball pythons
  7 bats
  A frilled lizard (D:3)
  4 kobolds
  6 rats
50 creatures vanquished.

Notes
Turn   | Place    | Note
-------+----------+-------------------------------------------
     0 | D:1      | Sabo the Troll Earth Elementalist began the quest for the
                  | Orb.
     0 | D:1      | Reached XP level 1. HP: 16/16 MP: 1/1
   286 | D:1      | Reached XP level 2. HP: 22/24 MP: 0/3
   921 | D:2      | Reached skill level 3 in Earth Magic
   921 | D:2      | Reached XP level 3. HP: 31/31 MP: 0/4
  1490 | D:2      | You fall into a shaft and drop 2 floors!
  1860 | D:3      | Found a glowing golden altar of the Shining One.
  1950 | D:3      | Slain by an iguana

Illustrated notes

Levels and vault maps discovered:
D:1:      dpeg_chamrin_arrival_tetris, layout_basic, minmay_tetromino_t4
D:2:      layout_loops_ring, kennysheep_crisscross, minmay_cupped
D:3:      layout_rooms, lemuel_round_altar
D:4:      layout_rooms, nemelex_dance_club_becter,
          minmay_temple_entry_offerings, minmay_misc_feat_iff

Skill      XL: |  1  2 |
---------------+-------+-----
Dodging        | 2 |  2.0
Earth Magic    | 3 |  3.1
Short Blades   | |  0.2
Long Blades    | |  0.4
Stealth        | |  1.1
Spellcasting   | |  1.9
Transmutations | |  0.6

Action                     || total
---------------------------++-------
  Melee: Short sword       ||     9
         Club              ||     5
         Unarmed           ||     4
         Falchion          ||    55
   Cast: Sandblast         ||    37
    Use: Scroll            ||     4
 Armour: Robe              ||    53
  Dodge: Dodged            ||    65

Table legend: (Time is in decaauts)
 A = Elapsed time spent in this place.
 B = Non-inter-level travel time spent in this place.
 C = Inter-level travel time spent in this place.
 D = Time resting spent in this place.
 E = Time spent auto-exploring this place.
 F = Levels seen in this place.
 G = Mean time per level.
                   A        B        C        D        E       F      G
               +--------+--------+--------+--------+--------+-----+--------+
         Total |   1983 |   1983 |      0 |    390 |      0 |   4 |  495.8 |
       Dungeon |   1983 |   1983 |      0 |    390 |      0 |   4 |  495.8 |
               +--------+--------+--------+--------+--------+-----+--------+

Top non-repeatable levels by time:
     D:2: 928 daAuts
     D:1: 836 daAuts
     D:3: 175 daAuts
     D:4: 42 daAuts
